 Dungeon Crawl Stone Soup version 0.28-a0-1395-g4f6bc678fa (webtiles) character file.

Game seed: 7031725208481885419

23 esteth the Magician (level 3, 0/27 HPs)
             Began as a Djinni Hedge Wizard on Jan 4, 2022.
             Slain by a bat (1 damage)
             ... on level 2 of the Dungeon.
             The game lasted 00:03:16 (1703 turns).

esteth the Magician (Djinni Hedge Wizard)           Turns: 1703, Time: 00:03:17

Health: 0/27       AC:  3    Str: 11    XL:     3   Next: 10%
Gold:   0          EV: 11    Int: 17    God:
                   SH:  0    Dex: 12

rFire   + + +      SeeInvis .   a - +0 dagger
rCold   x . .      Faith    .   (no shield)
rNeg    . . .      Spirit   .   f - +0 leather armour
rPois   ∞          Reflect  .   c - +0 hat
rElec   .          Harm     .   (no cloak)
rCorr   .          Rampage  .   (no gloves)
Will    .....                   (boots unavailable)
Stlth   +.........              (no amulet)
HPRegen 0.09/turn               (no ring)
MPRegen 0.00/turn               (no ring)

@: flying
A: sickness immunity, fire resistance 3, cold vulnerability 1, float, innate
caster, hp casting, extra vitality 1, strong 1, MP-powered wands
a: no special abilities


You were on level 2 of the Dungeon.
You visited 1 branch of the dungeon, and saw 2 of its levels.

Inventory:

Hand Weapons
 a - a +0 dagger (weapon)
Armour
 b - a +0 robe
 c - a +0 hat (worn)
 f - a +0 leather armour (worn)
Scrolls
 e - a scroll of amnesia {unknown}
 g - a scroll of identify {unknown}
 i - 4 scrolls of teleportation {unknown}


   Skills:
 + Level 1.5 Fighting
 - Level 2.1 Dodging
 - Level 1.5 Stealth
 + Level 2.8 Spellcasting


You couldn't memorise any spells.
You knew the following spells:

 Your Spells              Type           Power      Damage    Failure   Level
a - Magic Dart            Conj           48%        1d5       7%          1
b - Blink                 Tloc           24%        N/A       11%         2
c - Call Imp              Summ           12%        N/A       11%         2
d - Slow                  Hex            48%        N/A       7%          1
e - Conjure Flame         Conj/Fire      12%        6-21      22%         3
f - Mephitic Cloud        Conj/Pois/Air  12%        N/A       22%         3
g - Foxfire               Conj/Fire      48%        2x1d6     7%          1
Your spell library was empty.

Dungeon Overview and Level Annotations

Branches:
Dungeon (2/15)

Altars:


Innate Abilities, Weirdness & Mutations

You are immune to sickness and miasma.
You are immune to poison.
Your flesh is almost immune to the effects of heat. (rF+++)
You are vulnerable to cold. (rC-)
You float through the air rather than walking.
You learn spells naturally, not from books.
Your magical power is your life essence.
You have superior vitality. (+4 MHP)
Your muscles are strong. (Str +2)
You expend health (3 HP) to strengthen your wands.


Message History

The endoplasm barely misses you.
Casting: Foxfire (safe; 8% risk of failure)
Confirm with . or Enter, or press ? or * to list all spells.
You blink.
* * * LOW HITPOINT WARNING * * *
The bat misses you. The hobgoblin barely misses you.
The goblin unwields a +0 hunting sling.
The goblin wields a +0 club.
The goblin hits you with a +0 club.
* * * LOW HITPOINT WARNING * * *
Casting: Blink (safe; 12% risk of failure)
Confirm with . or Enter, or press ? or * to list all spells.
You don't have enough health to cast this spell.
The bat hits you but does no damage. x2; The goblin unwields a +0 club.
The goblin wields a +0 hunting sling.
The goblin shoots a stone.
The stone barely misses you. The bat barely misses you.
It was a potion of haste.
You feel yourself speed up.
You feel stable enough to blink again. The bat hits you.
* * * LOW HITPOINT WARNING * * *
The hobgoblin hits you but does no damage.
Okay, then.
The bat hits you but does no damage. The bat hits you.
* * * LOW HITPOINT WARNING * * *
The bat closely misses you.
It was a potion of cancellation.
Your magical effects are unravelling.
You feel magically purged.
You feel yourself slow down. The bat misses you.
The goblin shoots a stone.
The stone misses you.
It was a potion of flight.
You feel more buoyant. The bat barely misses you.
The hobgoblin barely misses you.
It was a potion of mutation.
You feel extremely strange.
You feel stronger.
You feel your magical essence link to the dungeon's wands.
You feel more resistant to heat. The bat hits you.
You die...

#.......≈≈#
#.#.....≈#
#.##....≈#
#.#.....≈#
#.......≈##
#..J....≈≈####≈
#...gJ...≈≈≈≈≈≈ ..
.. #.....g........
... ..
#.#$.##@b......
#..#..
#.#...#........
..#.#.
#.#...............
.....
#...##.....#......
#.#.
###[###...###....#
##.. #.#######.#
#..# ##...
#...b<....# #.#
#..#. #######.###
#.# #.### #.#
#.###..#.


You could see 2 endoplasms, a hobgoblin, a goblin and a bat.

Vanquished Creatures
  An adder (D:2)
  An endoplasm (D:1)
  A giant cockroach (D:1)
  2 goblins (D:1)
  A kobold (D:1)
  A quokka (D:2)
  2 ball pythons
  A bat (D:1)
10 creatures vanquished.

Vanquished Creatures (collateral kills)
  2 endoplasms
  A quokka (D:2)
3 creatures vanquished.

Vanquished Creatures (others)
  2 foxfires (D:2)
2 creatures vanquished.

Grand Total: 15 creatures vanquished

Notes
Turn   | Place    | Note
-------+----------+-------------------------------------------
     0 | D:1      | esteth the Djinni Hedge Wizard began the quest for the Orb.
     0 | D:1      | Reached XP level 1. HP: 15/15 MP: 0/0
   463 | D:1      | Reached XP level 2. HP: 11/22 MP: 0/0
   728 | D:1      | Reached skill level 1 in Fighting
  1347 | D:2      | Reached XP level 3. HP: 23/27 MP: 0/0
  1347 | D:2      | Learned a level 1 spell: Foxfire
  1697 | D:2      | HP: 1/27 [bat (1)]
  1703 | D:2      | Gained mutation: Your muscles are strong. (Str +2) [potion
                  | of mutation]
  1703 | D:2      | Gained mutation: You expend health (3 HP) to strengthen
                  | your wands. [potion of mutation]
  1703 | D:2      | Gained mutation: Your flesh is almost immune to the effects
                  | of heat. (rF+++) [potion of mutation]
  1703 | D:2      | Slain by a bat

Illustrated notes

Levels and vault maps discovered:
D:1:      minmay_arrival_nine_rooms, layout_basic
D:2:      layout_loops_ring, chequers_ecumenical_altar_grove,
          kennysheep_decorative_pillar, minmay_pentomino_x2

Skill      XL: |  1  2 |
---------------+-------+-----
Fighting       | 1 |  1.5
Dodging        | |  2.1
Stealth        | |  1.5
Spellcasting   | |  2.8

Action                   || total
-------------------------++-------
Melee: Dagger            ||    43
 Cast: Magic Dart        ||     1
       Call Imp          ||     7
       Blink             ||     2
       Foxfire           ||     6
  Use: Potion            ||     4
 Stab: Sleeping          ||     2
Armor: Leather armour    ||    31
Dodge: Dodged            ||    57

Table legend: (Time is in decaauts)
 A = Elapsed time spent in this place.
 B = Non-inter-level travel time spent in this place.
 C = Inter-level travel time spent in this place.
 D = Time resting spent in this place.
 E = Time spent auto-exploring this place.
 F = Levels seen in this place.
 G = Mean time per level.
                   A        B        C        D        E       F      G
               +--------+--------+--------+--------+--------+-----+--------+
         Total |   1703 |   1691 |     12 |   1039 |    439 |   2 |  851.5 |
       Dungeon |   1703 |   1691 |     12 |   1039 |    439 |   2 |  851.5 |
               +--------+--------+--------+--------+--------+-----+--------+

Top non-repeatable levels by time:
     D:1: 1518 daAuts
     D:2: 185 daAuts
